 Dungeon Crawl Stone Soup version 0.28-a0-519-gbfeecf2 (webtiles) character file.

Game seed: 6168633273591508267

38 BarneyGumball the Sneak (level 3, 0/18 HPs)
             Began as a Spriggan Brigand on Sept 23, 2021.
             Succumbed to an adder's poison
             ... on level 2 of the Dungeon.
             The game lasted 00:04:46 (1454 turns).

BarneyGumball the Sneak (Spriggan Brigand)          Turns: 1454, Time: 00:04:46

Health: 0/18       AC:  3    Str:  7    XL:     3   Next: 25%
Magic:  4/4        EV: 16    Int: 12    God:
Gold:   35         SH:  0    Dex: 17    Spells: 2/2 levels left

rFire   . . .      SeeInvis +   h - +2 dagger (speed)
rCold   . . .      Faith    .   (shield restricted)
rNeg    . . .      Spirit   .   b - +0 robe
rPois   .          Reflect  .   (helmet restricted)
rElec   .          Harm     .   c - +0 cloak
rCorr   .          Rampage  .   (gloves unavailable)
Will    .....                   (boots unavailable)
Stlth   ++++......              (no amulet)
HPRegen 0.06/turn               (no ring)
MPRegen 0.09/turn               (no ring)

@: lethally poisoned (0 -> -1), very quick
A: very small, no large weapons, unfitting armour, see invisible, speed 3
a: no special abilities


You were on level 2 of the Dungeon.
You visited 1 branch of the dungeon, and saw 2 of its levels.

You collected 35 gold pieces.

Inventory:

Hand Weapons
 a - a +2 dagger
 h - a +2 dagger of speed (weapon)
 l - a +0 hunting sling
Missiles
 d - 16 poisoned darts (quivered)
 e - 2 curare-tipped darts
Armour
 b - a +0 robe (worn)
 c - a +0 cloak (worn)
Jewellery
 m - an amulet of regeneration
Scrolls
 f - a scroll of immolation {unknown}
 g - a scroll of magic mapping {unknown}
 j - a scroll of noise {unknown}
 k - 2 scrolls of identify {unknown}


   Skills:
 - Level 1.6 Fighting
 + Level 3.1 Short Blades
 - Level 2.1 Throwing
 - Level 1.6 Dodging
 + Level 6.7 Stealth


You had 2 spell levels left.
You didn't know any spells.
Your spell library was empty.

Dungeon Overview and Level Annotations

Branches:
Dungeon (2/15)

Altars:


Innate Abilities, Weirdness & Mutations

You are very small and have problems with some larger weapons.
You are too small for most types of armour.
You have supernaturally acute eyesight. (SInv)
You cover ground extremely quickly. (Speed+++)


Message History

An adder comes into view.
You miss the adder.
The adder hisses angrily.
The adder bites you but does no damage. The adder misses you.
The adder bites you but does no damage.
You hit the adder.
The adder is moderately wounded.
You closely miss the adder.
The adder is moderately wounded.
The adder closely misses you.
You barely miss the adder.
The adder is moderately wounded.
The adder bites you.
You are poisoned.
The adder poisons you!
You hit the adder.
The adder is heavily wounded.
You feel sick.
You hit the adder.
The adder is heavily wounded.
The adder bites you.
You are lethally poisoned!
The adder poisons you!
You feel sick.
You feel sick.
You feel sick.
It was a potion of cancellation.
You feel magically purged.
* * * LOW HITPOINT WARNING * * *
You feel sick.
* * * LOW HITPOINT WARNING * * *
You feel sick.
* * * LOW HITPOINT WARNING * * *
You feel sick.
* * * LOW HITPOINT WARNING * * *
You feel sick.
Okay, then.
* * * LOW HITPOINT WARNING * * *
You feel sick.
You die...

# #....##.# .# #....###
###.# ####...# ....#
#..#....... ##...#
#.#####.... ###..#.##
#.# .... .r..##..##
#.###.... .
##..###..#### ##.....#
###.........####@.#####
....###.#....S...##
.........r#.####.#
..#####......###.# ..
####....#..# ..
##.#.[.## # #....##
#......... #########..


You could see an adder and a rat.

Vanquished Creatures
  3 dart slugs (D:1)
  3 bats (D:1)
  2 endoplasms (D:1)
  A giant cockroach (D:1)
  4 goblins
  A hobgoblin (D:1)
  3 jackals (D:1)
  A quokka (D:1)
  3 ball pythons (D:1)
  3 frilled lizards
  3 kobolds
  4 rats (D:1)
31 creatures vanquished.

Notes
Turn   | Place    | Note
-------+----------+-------------------------------------------
     0 | D:1      | BarneyGumball the Spriggan Brigand began the quest for the
                  | Orb.
     0 | D:1      | Reached XP level 1. HP: 10/10 MP: 2/2
   197 | D:1      | Reached skill level 6 in Stealth
   256 | D:1      | Found a faded altar of an unknown god.
   260 | D:1      | Reached XP level 2. HP: 15/15 MP: 3/3
   956 | D:1      | Reached XP level 3. HP: 18/18 MP: 4/4
  1454 | D:2      | Succumbed to an adder's poison

Illustrated notes

Levels and vault maps discovered:
D:1:      dpeg_arrival_water_temple_mockup, layout_loops_ring,
          basic_ecumenical_altar
D:2:      layout_rooms, minmay_split_cup_small

Skill      XL: |  1  2 |
---------------+-------+-----
Stealth        | 6 |  6.7
Short Blades   | 3 |  3.1
Fighting       | |  1.6
Throwing       | |  2.1
Dodging        | |  1.6

Action                   || total
-------------------------++-------
Melee: Dagger            ||   111
  Use: Potion            ||     1
 Stab: Sleeping          ||     8
Armor: Robe              ||    11
Dodge: Dodged            ||    48

Table legend: (Time is in decaauts)
 A = Elapsed time spent in this place.
 B = Non-inter-level travel time spent in this place.
 C = Inter-level travel time spent in this place.
 D = Time resting spent in this place.
 E = Time spent auto-exploring this place.
 F = Levels seen in this place.
 G = Mean time per level.
                   A        B        C        D        E       F      G
               +--------+--------+--------+--------+--------+-----+--------+
         Total |   1040 |   1013 |     27 |    176 |    655 |   2 |  520.0 |
       Dungeon |   1040 |   1013 |     27 |    176 |    655 |   2 |  520.0 |
               +--------+--------+--------+--------+--------+-----+--------+

Top non-repeatable levels by time:
     D:1: 844 daAuts
     D:2: 196 daAuts
